cohdb
Replays
Latest Replays
All Replays
Popular Replays
Top Player Replays
Match Explorer
How It Works
Community
CoH3 Stats
Reddit
Sign in to upload your games and track your stats! →
Sign in with Steam
Match 31156291
Unlisted
Match 31156291
Overview
Messages
Build Orders
End
Construct Barracks
Engineer Squad
Riflemen Squad
M1 Mortar Team
Riflemen Squad
Grenade Package
Construct Medical Station
Selects Special Operations Battlegroup
Selects M29 Weasel with M1 Pack Howitzer
M29 Weasel with M1 Pack Howitzer
Selects Raiding Flares
Selects SSF Commando Squad
SSF Commando Squad
Infantry Support Center
Construct Tank Depot
M4A1 Sherman Medium Tank
Nukepapa
Warashes
vonMises
lem22
0
0
Comments
sign in to comment!
No comments posted yet!